 Dungeon Crawl Stone Soup version 0.29-a0-885-gb26ba3297d (webtiles) character file.

Game seed: 18435935494716468891

2559 jimonade the Covert (level 9, -1/46 (51) HPs)
             Began as a Kobold Brigand on July 20, 2022.
             Slain by a wight
             ... wielding a +2 hand axe of freezing
              (3 damage)
             ... on level 7 of the Dungeon.
             The game lasted 00:12:29 (7175 turns).

jimonade the Covert (Kobold Brigand)                Turns: 7175, Time: 00:12:30

HP:   -1/46 (51)    AC:  8    Str:  8    XL:     9   Next: 86%
MP:   14/14         EV: 15    Int: 13    God:
Gold: 536           SH:  5    Dex: 20    Spells: 15/15 levels left

rFire   + . .      SeeInvis .   a - +3 dagger (elec)
rCold   . . .      Faith    .   P - +0 buckler
rNeg    . . .      Spirit   .   v - +0 leather armour
rPois   +          Reflect  .   i - +2 helmet
rElec   .          Harm     .   c - +0 cloak
rCorr   .          Rampage  .   (no gloves)
Will    .....                   t - +0 pair of boots
Stlth   +++++++...              J - amulet of magic regeneration
HPRegen 0.15/turn               m - ring of protection from fire
MPRegen 0.54/turn               y - ring of poison resistance

@: mighty, drained
A: small, no large weapons, nightstalker 3
a: no special abilities


You were on level 7 of the Dungeon.
You visited 1 branch of the dungeon, and saw 7 of its levels.

You collected 536 gold pieces.

Inventory:

Hand Weapons
 a - a +3 dagger of electrocution (weapon)
 b - a +0 sling
 o - a +2 dagger
 G - a +0 rapier
 M - a +0 quarterstaff
Missiles
 d - 14 poisoned darts (quivered)
 e - 3 curare-tipped darts
Armour
 c - a +0 cloak (worn)
 i - a +2 helmet (worn)
 j - a +0 plate armour
 p - a +0 robe
 t - a +0 pair of boots (worn)
 v - a +0 leather armour (worn)
 H - a +0 chain mail
 P - a +0 buckler (worn)
Magical Staves
 L - a staff of earth
Jewellery
 m - a ring of protection from fire (left hand)
 y - a ring of poison resistance (right hand)
 J - an amulet of magic regeneration (around neck)
Wands
 q - a wand of polymorph (7)
 K - a wand of iceblast (8)
Scrolls
 f - a scroll of amnesia {unknown}
 h - 2 scrolls of teleportation
 r - a scroll of torment
 s - 3 scrolls of poison
 u - a scroll of enchant weapon
 x - 3 scrolls of fear
 A - a scroll of immolation {unknown}
 B - a scroll of vulnerability {unknown}
 F - 2 scrolls of magic mapping {unknown}
 I - 2 scrolls of butterflies {unknown}
 N - a scroll of enchant armour {unknown}
Potions
 g - a potion of heal wounds {unknown}
 k - 3 potions of lignification
 l - 3 potions of mutation
 n - 4 potions of curing
 w - a potion of degeneration {unknown}
 z - a potion of might
 C - a potion of attraction {unknown}
 D - 2 potions of brilliance
 E - 4 potions of flight {unknown}
 O - a potion of magic {unknown}


   Skills:
 + Level 3.6 Fighting
 + Level 6.1 Short Blades
 - Level 2.1 Throwing
 + Level 2.6 Armour
 + Level 3.6 Dodging
 * Level 14.7 Stealth
 * Level 3.6 Spellcasting


You had 15 spell levels left.
You didn't know any spells.
Your spell library contained the following spells:

 Spells                   Type           Power      Damage    Failure   Level
 Apportation              Tloc           4%         N/A       43%         1
 Foxfire                  Conj/Fire      8%         2x1d4     43%         1
 Necrotise                Necr           8%         1d4       43%         1
 Summon Small Mammal      Summ           8%         N/A       43%         1
 Sublimation of Blood     Necr           2%         N/A       58%         2
 Wereblood                Tmut           2%         N/A       58%         2
 Call Canine Familiar     Summ           2%         N/A       82%         3
 Conjure Flame            Conj/Fire      2%         6-21      82%         3
 Inner Flame              Hex/Fire       2%         N/A       82%         3
 Portal Projectile        Hex/Tloc       4%         N/A       82%         3
 Summon Guardian Golem    Hex/Summ       2%         N/A       82%         3
 Vampiric Draining        Necr           2%         2d6       82%         3
 Flame Wave               Conj/Fire      2%         2d4       99%         4
 Leda's Liquefaction      Hex/Erth       1%         N/A       99%         4
 Agony                    Necr           2%         N/A       100%        5
 Summon Hydra             Summ           1%         N/A       100%        7


Dungeon Overview and Level Annotations

Branches:
Dungeon (7/15)             Temple (0/1) D:7

Altars:
Ashenzari
Cheibriados
Dithmenos
Elyvilon
Fedhas
Nemelex Xobeh
Qazlal
Yredelemnul
Zin
The Shining One

Shops:
D:2 !   D:4 !

Annotations:
D:3 4 runed translucent doors, Crazy Yiuf; siradein's ghost, amateur KoHu
D:6 exclusion: ogre, Sigmund
D:7 exclusion: howler monkey


Innate Abilities, Weirdness & Mutations

You are small and have problems with some larger weapons.
You are completely attuned to the shadows.


Message History

The helpless wight fails to defend itself.
You perforate the wight like a sieve!!!!
Lightning courses through the wight!
You destroy the wight!
The wight closely misses you. The wight attacks as you move away!
The wight hits you with a +2 hand axe of freezing!
The wight freezes you.
There is an open door here.
The wight attacks as you move away! You block the wight's attack.
The wight attacks as you move away! The wight misses you.
You hit the wight but do no damage. You barely miss the wight.
You closely miss the wight. The wight misses you. The wight barely misses you.
You closely miss the wight. You barely miss the wight.
The wight hits you with a +2 morningstar!
You feel drained. The wight barely misses you.
You hit the wight but do no damage. The wight completely misses you.
The wight hits you with a +2 morningstar.
You are too injured to fight recklessly!
You are too injured to fight recklessly!
You hit the wight but do no damage.
The wight hits you with a +2 morningstar.
You feel drained. The wight misses you.
You hit the wight.
The wight is lightly damaged.
You hit the wight.
The wight is lightly damaged.
The wight completely misses you.
The wight hits you with a +2 morningstar!
* * * LOW HITPOINT WARNING * * *
You feel drained.
* * * LOW HITPOINT WARNING * * *
You feel very mighty all of a sudden. The wight closely misses you.
The wight hits you with a +2 hand axe of freezing.
* * * LOW HITPOINT WARNING * * *
The wight freezes you.
You die...

.#......#......#
.#......#......#
.#......'......#
.#......#......#
.#....).#......#........?
.#......#......#.........
.########...##.# ........
.##....##'####.####.....#
_.......'.......@z'.....#
)#......#........z#..)..#
........#.........#....z#
.......##...##...##.....#
.......########..#..?....
........+....###'###
.##....##....#.....#
.##....##....#.⌠.⌠.#
.#...........'..>..+


You could see 2 wights.

Vanquished Creatures
  A cyclops (D:7)
  A water moccasin (D:7)
  2 black bears
  A sky beast (D:7)
  An orc warrior (D:5)
  2 ice beasts (D:5)
  5 ogres
  A phantom (D:6)
  A bullfrog (D:6)
  A necrophage (D:5)
  3 scorpions
  A wight (D:7)
  4 killer bees (D:7)
  A howler monkey (D:5)
  3 jellies
  3 hounds
  3 iguanas (D:5)
  An orc wizard (D:5)
  10 adders
  A gnoll (D:7)
  A shadow imp (D:5)
  2 ufetubi
  A worm (D:3)
  2 dart slugs
  7 orcs
  7 endoplasms
  4 giant cockroaches
  7 goblins
  12 hobgoblins
  4 jackals (D:5)
  5 quokkas
  7 ball pythons
  A bat (D:1)
  10 kobolds
  4 rats
120 creatures vanquished.

Notes
Turn   | Place    | Note
-------+----------+-------------------------------------------
     0 | D:1      | jimonade the Kobold Brigand began the quest for the Orb.
     0 | D:1      | Reached XP level 1. HP: 12/12 MP: 1/1
   217 | D:1      | Reached XP level 2. HP: 17/17 MP: 2/2
   252 | D:1      | Reached skill level 6 in Stealth
   529 | D:1      | Reached XP level 3. HP: 16/21 MP: 3/3
  1241 | D:2      | Found Nenwilau's Distillery.
  1343 | D:2      | Reached skill level 7 in Stealth
  1343 | D:2      | Reached XP level 4. HP: 27/27 MP: 4/4
  2013 | D:3      | Reached XP level 5. HP: 31/31 MP: 5/5
  2135 | D:3      | Found a runed translucent gate.
  2136 | D:3      | Found a runed translucent gate.
  2139 | D:3      | Found a runed translucent gate.
  2308 | D:3      | Reached skill level 8 in Stealth
  2788 | D:3      | Found a runed translucent door.
  2791 | D:3      | Noticed Crazy Yiuf
  2994 | D:3      | Noticed siradein's ghost (amateur KoHu)
  3154 | D:4      | Reached XP level 6. HP: 31/36 MP: 6/6
  3293 | D:4      | Noticed an ogre
  3325 | D:4      | Killed an ogre
  3326 | D:4      | Reached skill level 9 in Stealth
  3452 | D:4      | Found Mygiahur's Distillery.
  3630 | D:4      | Found a shadowy altar of Dithmenos.
  4090 | D:5      | Entered Level 5 of the Dungeon
  4416 | D:5      | Noticed a black bear
  4420 | D:5      | Killed a black bear
  4421 | D:5      | Reached skill level 1 in Armour
  4421 | D:5      | Reached skill level 10 in Stealth
  4421 | D:5      | Reached XP level 7. HP: 40/40 MP: 7/7
  4433 | D:5      | Found a blossoming altar of Fedhas.
  4767 | D:5      | Found a stormy altar of Qazlal.
  4892 | D:5      | Reached skill level 1 in Spellcasting
  4892 | D:5      | Reached XP level 8. HP: 45/45 MP: 7/9
  4905 | D:5      | Reached skill level 11 in Stealth
  5245 | D:5      | Reached skill level 12 in Stealth
  5329 | D:5      | Reached skill level 5 in Short Blades
  5929 | D:6      | Found a glowing silver altar of Zin.
  5929 | D:6      | Found a glowing golden altar of the Shining One.
  5933 | D:6      | Found a white marble altar of Elyvilon.
  5944 | D:6      | Reached XP level 9. HP: 40/51 MP: 12/12
  6083 | D:6      | Found a basalt altar of Yredelemnul.
  6093 | D:6      | Found a snail-covered altar of Cheibriados.
  6171 | D:6      | Reached skill level 13 in Stealth
  6245 | D:6      | Noticed Sigmund
  6756 | D:7      | Found a broken altar of Ashenzari.
  6779 | D:7      | Found a sparkling altar of Nemelex Xobeh.
  6854 | D:7      | Noticed a cyclops
  6858 | D:7      | Killed a cyclops
  6859 | D:7      | Reached skill level 14 in Stealth
  6974 | D:7      | Found a staircase to the Ecumenical Temple.
  7175 | D:7      | HP: 2/46 [wight/+2 hand axe of freezing (5)]
  7175 | D:7      | Slain by a wight

Illustrated notes

Levels and vault maps discovered:
D:1:      dpeg_arrival_snail, layout_loops_ring, chequers_serial_rivers_small_b
D:2:      layout_loops_ring, serial_shops, shop_fountains,
          shapermc_ecumenical_altar_petra
D:3:      layout_loops_corners, biasface_ghost_orc_armoury,
          roderic_three_in_a_row, minmay_stone_trees_small,
          kennysheep_generic_room_8, uniq_crazy_yiuf_cottage
D:4:      layout_loops_corners, nicolae_dithmenos_shadow_blocks, serial_shops,
          shop
D:5:      minmay_razor_zed, layout_cave_pools,
          grunt_temple_overflow_forces_of_nature
D:6:      layout_gridville, dreamdust_divine_triumvirate,
          mainiacjoe_overflow_big_doors, uniq_sigmund
D:7:      minmay_spotlight, layout_gridville, lemuel_crystal_altar,
          mainiacjoe_overflow_tiny_flanked, minmay_temple_entry_hall

Skill      XL: |  1  2  3  4  5  6  7  8  9 |
---------------+----------------------------+-----
Stealth        | 6 7 8 10 12 14 | 14.7
Short Blades   | 3 4 5 6 |  6.1
Dodging        | 2 3 |  3.6
Armour         | 1 2 |  2.6
Spellcasting   | 1 2 3 |  3.6
Fighting       | 3 |  3.6
Throwing       | |  2.1

Action                   |  1- 3 |  4- 6 |  7- 9 || total
-------------------------+-------+-------+-------++-------
Melee: Dagger            |    62 |    87 |   123 ||   272
       Punch             |       |     2 |     1 ||     3
Throw: Dart              |       |     3 |     1 ||     4
  Use: Scroll            |       |     3 |     7 ||    10
       Potion            |       |       |     1 ||     1
 Stab: Sleeping          |    18 |    28 |    27 ||    73
       Distracted        |       |     1 |       ||     1
Armor: Robe              |    11 |       |       ||    11
       Leather armour    |       |    13 |    22 ||    35
Dodge: Dodged            |    26 |    28 |    53 ||   107
Block: Buckler           |       |       |     1 ||     1

Table legend: (Time is in decaauts)
 A = Elapsed time spent in this place.
 B = Non-inter-level travel time spent in this place.
 C = Inter-level travel time spent in this place.
 D = Time resting spent in this place.
 E = Time spent auto-exploring this place.
 F = Levels seen in this place.
 G = Mean time per level.
                   A        B        C        D        E       F      G
               +--------+--------+--------+--------+--------+-----+--------+
         Total |   7122 |   6862 |    260 |    659 |   5224 |   7 | 1017.4 |
       Dungeon |   7122 |   6862 |    260 |    659 |   5224 |   7 | 1017.4 |
               +--------+--------+--------+--------+--------+-----+--------+

Top non-repeatable levels by time:
     D:4: 1572 daAuts
     D:5: 1177 daAuts
     D:3: 1093 daAuts
     D:1: 1059 daAuts
     D:6: 956 daAuts
     D:2: 850 daAuts
     D:7: 413 daAuts
